 Dungeon Crawl Stone Soup version 0.27-a0-1196-g3e9cee4cb2 (webtiles) character file.

Game seed: 18383099407227420932

1541 freelancePsychic the Zephyrmancer (level 8, 0/72 HPs)
             Began as a Tengu Air Elementalist on May 28, 2021.
             Was a Follower of Vehumet.
             Slain by an orc warrior
             ... wielding a +0 hand axe
              (3 damage)
             ... on level 7 of the Dungeon.
             The game lasted 00:16:11 (6899 turns).

freelancePsychic the Zephyrmancer (TeAE)            Turns: 6899, Time: 00:16:12

Health: 0/72       AC: 24    Str:  8    XL:     8   Next: 86%
Magic:  11/14      EV:  2    Int: 19    God:    Vehumet [*.....]
Gold:   291        SH:  0    Dex: 14    Spells: 5/13 levels left

rFire    . . .     SeeInvis .   d - +5 dagger
rCold    . . .     Faith    .   (no shield)
rNeg     + + +     Spirit   .   (armour currently unavailable)
rPois    +         Reflect  .   (helmet currently unavailable)
rElec    .         Harm     .   (cloak currently unavailable)
rCorr    .         Rampage  .   (gloves currently unavailable)
Will     .....     NoTele   +   (boots unavailable)
Stlth    ++........             (no amulet)
HPRegen  0.22/turn              s - +4 ring of slaying
MPRegen  0.14/turn              (no ring)

@: tree-form, hasted, very quick
A: stationary, stasis, torment immunity, boosted hp, (beak), (talons 3), nimble
flight
a: Renounce Religion


You were on level 7 of the Dungeon.
You worshipped Vehumet.
Vehumet was aware of your devotion.
You were a tree.
You visited 1 branch of the dungeon, and saw 8 of its levels.

You collected 291 gold pieces.

Inventory:

Hand Weapons
 d - a +5 dagger (weapon)
Armour
 a - a +0 robe (melded)
 f - a +2 pair of gloves of stealth (melded)
 m - a +0 cloak (melded)
Magical Staves
 l - a staff of fire
Jewellery
 s - a +4 ring of slaying (left branch)
 t - a ring of ice
Wands
 p - a wand of iceblast (2)
Scrolls
 i - 2 scrolls of blinking
 k - 2 scrolls of immolation
 n - 3 scrolls of identify {@r1}
Potions
 b - a potion of flight
 c - a potion of haste {@q3}
 g - 2 potions of lignification
 h - 2 potions of invisibility {unknown}
 j - a potion of might {unknown}
 q - a potion of magic {unknown}
 v - a potion of heal wounds {unknown}


   Skills:
 + Level 4.9 Fighting
 - Level 5.0 Dodging
 - Level 2.0 Stealth
 - Level 3.3 Spellcasting
 - Level 4.1 Conjurations
 + Level 10.2 Air Magic


You had 5 spell levels left.
You knew the following spells:

 Your Spells              Type           Power      Damage    Failure   Level
a - Shock                 Conj/Air       100%       1d9       1%          1
b - Swiftness             Air            42%        N/A       1%          3
d - Airstrike             Air            21%        N/A       2%          4

Your spell library contained the following spells:

 Spells                   Type           Power      Damage    Failure   Level
 Foxfire                  Conj/Fire      44%        2x1d6     6%          1
 Static Discharge         Conj/Air       30%        N/A       1%          2
 Lightning Bolt           Conj/Air       15%        1d29      22%         5


Dungeon Overview and Level Annotations

Branches:
Dungeon (8/15)             Temple (0/1) D:5
   Lair: D:8-11

Altars:
Cheibriados
Gozag
Hepliaklqana
Vehumet
Xom
Yredelemnul
Zin
The Shining One

Shops:
D:1 *

Annotations:
D:3 1 runed translucent door


Innate Abilities, Weirdness & Mutations

You are a tree.
Your roots penetrate the ground, keeping you stationary.
You cannot be teleported.
You are immune to unholy pain and torment.
Your maximum health is greatly increased.
Your equipment is partially melded.
((You have a beak for a mouth.))
((You have claws for feet.))
Your magical nature lets you fly swiftly and evasively.


Message History

The wyvern skeleton is severely damaged.
The wyvern skeleton barely misses you.
You completely miss the wyvern skeleton.
The wyvern skeleton is severely damaged.
The wyvern skeleton bites you!
* * * LOW HITPOINT WARNING * * *
The wyvern skeleton closely misses you.
You completely miss the wyvern skeleton.
The wyvern skeleton is severely damaged.
The wyvern skeleton completely misses you.
You barely miss the wyvern skeleton. You claw the wyvern skeleton!
You destroy the wyvern skeleton!
Vehumet accepts your kill.
You feel your power returning. The orc priest misses you.
You puncture the orc priest!
You kill the orc priest!
Vehumet accepts your kill.
The orc priest begins to cast a cantrip, but forgets the words!
The orc warrior barely misses you. The orc warrior completely misses you.
You start to feel a little faster.
It was a potion of lignification.
You turn into a tree.
Your +0 cloak melds into your body.
Your +2 pair of gloves of stealth melds into your body.
Your +0 robe melds into your body.
You feel less stealthy.
Your roots penetrate the ground.
The orc warrior hits you with a +0 hand axe!
* * * LOW HITPOINT WARNING * * *
You closely miss the orc warrior.
You no longer feel sluggish.
The orc warrior hits you but does no damage.
You barely miss the orc warrior.
Your hearing returns.
The orc warrior hits you with a +0 hand axe!
* * * LOW HITPOINT WARNING * * *
It was a potion of haste.
You feel yourself speed up.
The orc warrior hits you but does no damage.
It was a potion of flight.
Your roots keep you in place.
The orc warrior hits you with a +0 hand axe.
You die...

#o#########
#..o......##..
######........
#o##..... #o#
#... #.# ..
#.# #o#####.#
#oo♣....#
#######.... #


You could see an orc warrior, an orc priest and an orc.

Vanquished Creatures
  A water moccasin (D:8)
  An ogre (D:5)
  A kobold brigand (D:8)
  A phantom (D:5)
  A gnoll sergeant (D:5)
  A bullfrog (D:8)
  2 scorpions
  A wyvern skeleton (D:7)
  7 killer bees
  3 wights (D:5)
  A jelly (D:8)
  A bullfrog skeleton (D:5)
  2 orc priests
  4 hounds
  An iguana (D:5)
  A hound skeleton (D:4)
  A mummy (D:8)
  A howler monkey zombie (D:5)
  3 gnolls (D:3)
  5 adders
  A shadow imp (D:5)
  A white imp (D:8)
  An ufetubus (D:5)
  An adder zombie (D:5)
  4 worms
  A dart slug (D:4)
  12 orcs
  9 endoplasms
  3 giant cockroaches (D:1)
  A goblin (D:4)
  8 hobgoblins
  8 jackals
  7 kobolds
  A quokka (D:5)
  9 ball pythons
  4 bats (D:1)
  4 frilled lizards
  A goblin skeleton (D:3)
  4 rats
119 creatures vanquished.

Vanquished Creatures (others)
  35 plants
35 creatures vanquished.

Grand Total: 154 creatures vanquished

Notes
Turn   | Place    | Note
-------+----------+-------------------------------------------
     0 | D:1      | freelancePsychic the Tengu Air Elementalist began the quest
                  | for the Orb.
     0 | D:1      | Reached XP level 1. HP: 10/10 MP: 4/4
   196 | D:1      | Reached XP level 2. HP: 15/15 MP: 0/6
   352 | D:1      | Found Sekomul's General Store.
   386 | D:1      | Found a faded altar of an unknown god.
   884 | D:2      | You fall into a shaft and drop 2 floors!
   895 | D:4      | Reached XP level 3. HP: 16/19 MP: 2/7
   986 | D:4      | Learned a level 3 spell: Swiftness
   992 | D:4      | Reached XP level 4. HP: 24/24 MP: 2/9
  1159 | D:4      | Reached skill level 5 in Air Magic
  1254 | D:4      | Learned a level 4 spell: Airstrike
  1403 | D:3      | Gained mutation: Your magical nature lets you fly swiftly
                  | and evasively. [Tengu growth]
  1403 | D:3      | Reached XP level 5. HP: 8/28 MP: 7/10
  1965 | D:3      | Found a glowing silver altar of Zin.
  1965 | D:3      | Found a radiant altar of Vehumet.
  1973 | D:3      | Became a worshipper of Vehumet
  2041 | D:3      | Found a runed translucent door.
  2041 | D:3      | Noticed a human
  2045 | D:3      | Found a basalt altar of Yredelemnul.
  2446 | D:3      | Found a hazy altar of Hepliaklqana.
  3514 | D:2      | Found a shimmering altar of Xom.
  3642 | D:4      | Reached skill level 6 in Air Magic
  3642 | D:4      | Reached XP level 6. HP: 30/32 MP: 9/12
  3678 | D:4      | Found a glowing golden altar of the Shining One.
  3969 | D:4      | Reached skill level 7 in Air Magic
  3969 | D:4      | Reached XP level 7. HP: 16/36 MP: 1/13
  4248 | D:5      | Entered Level 5 of the Dungeon
  4621 | D:5      | Reached skill level 5 in Dodging
  4843 | D:5      | Reached skill level 8 in Air Magic
  4916 | D:5      | Reached * piety under Vehumet
  4916 | D:5      | Offered knowledge of Foxfire by Vehumet.
  4917 | D:5      | Reached skill level 1 in Fighting
  5080 | D:5      | Found a staircase to the Ecumenical Temple.
  5213 | D:5      | Reached XP level 8. HP: 45/45 MP: 5/14
  5425 | D:5      | Reached skill level 9 in Air Magic
  5866 | D:5      | You are sucked into a shaft and drop 3 floors!
  5995 | D:8      | Found a snail-covered altar of Cheibriados.
  6599 | D:8      | Reached skill level 10 in Air Magic
  6689 | D:8      | Found an opulent altar of Gozag.
  6868 | D:6      | Noticed a rust devil
  6868 | D:6      | Noticed a rust devil
  6897 | D:7      | HP: 3/72 [orc warrior/+0 hand axe (9)]
  6899 | D:7      | Slain by an orc warrior

Illustrated notes

Levels and vault maps discovered:
D:1:      dpeg_arrival_signposts, layout_basic, basic_ecumenical_altar,
          serial_shops, shop, chequers_serial_rivers_micro_d, chequers_avenue,
          minmay_pentomino_x4
D:2:      layout_basic, basic_altar
D:3:      layout_basic, dk_yredelemnul_ordeal, nzn_hepliaklqana_mist_gate,
          jmf_multi_god_temple, corexii_item_surrounded_by_moat,
          small_statue_alley_b
D:4:      layout_basic, tso_oasis_becter
D:5:      layout_basic, minmay_temple_entry_offerings, serial_bayou,
          serial_bayou_lagoon_a, serial_bayou_pond_c, serial_bayou_pond_e,
          serial_bayou_pond_b
D:6:      cheibrodos_iron_armory, layout_gridville, serial_shops,
          nicolae_shop_trees
D:7:      layout_loops_corners, uniq_crazy_yiuf_cottage, uniq_joseph,
          uniq_harold, uniq_menkaure
D:8:      layout_loops_corners, slow_altar_1,
          nicolae_gozag_cash_rules_everything_around_me

Skill      XL: |  1  2  3  4  5  6  7  8 |
---------------+-------------------------+-----
Conjurations   | 2 3 4 |  4.1
Air Magic      | 5 6 7 8 10 | 10.2
Spellcasting   | 3 |  3.3
Dodging        | 4 5 |  5.0
Fighting       | 2 4 |  4.9
Stealth        | |  2.0

Action                   |  1- 3 |  4- 6 |  7- 9 || total
-------------------------+-------+-------+-------++-------
Melee: Unarmed           |     1 |       |       ||     1
       Dagger            |    12 |    42 |    26 ||    80
       Peck              |     2 |     3 |     2 ||     7
       Kick              |     1 |    10 |     7 ||    18
 Cast: Shock             |    42 |   113 |    32 ||   187
       Airstrike         |       |     1 |    40 ||    41
       Swiftness         |       |       |     1 ||     1
  Use: Scroll            |       |     5 |     7 ||    12
       Potion            |       |       |     5 ||     5
 Stab: Sleeping          |       |     4 |     1 ||     5
Armor: Robe              |     3 |    11 |     9 ||    23
       Skin              |       |       |     2 ||     2
Dodge: Dodged            |    10 |    38 |    28 ||    76

Table legend: (Time is in decaauts)
 A = Elapsed time spent in this place.
 B = Non-inter-level travel time spent in this place.
 C = Inter-level travel time spent in this place.
 D = Time resting spent in this place.
 E = Time spent auto-exploring this place.
 F = Levels seen in this place.
 G = Mean time per level.
                   A        B        C        D        E       F      G
               +--------+--------+--------+--------+--------+-----+--------+
         Total |   6630 |   6460 |    170 |    880 |   4742 |   8 |  828.8 |
       Dungeon |   6630 |   6460 |    170 |    880 |   4742 |   8 |  828.8 |
               +--------+--------+--------+--------+--------+-----+--------+

Top non-repeatable levels by time:
     D:4: 1531 daAuts
     D:3: 1317 daAuts
     D:5: 1131 daAuts
     D:8: 932 daAuts
     D:1: 880 daAuts
     D:2: 783 daAuts
     D:7: 51 daAuts
     D:6: 2 daAuts
